Workbook

Sheet COVER
C3: SOMALI SUSTAINABLE FISHERIES DEV. PROJECT - FEDERAL GOVERNMENT OF SOMALIA.
C6: PROPOSED CONSTRUCTION OF WARSHEIKH MODERN FISH MARKET HIRSHABELLE STATE, SOMALIA.
C9: FOR
B32: Bills of Quantities | F32: Prepared By Badmaal

Sheet PARTICULAR PRELIMINARIES
A1: Item | B1: Description | E1: Amount
B3: SECTION NO. 1 - PRELIMINARIES
B5: BILL NO. 1 - PARTICULAR MATTERS
A7: A | B7: Parties to the Contract:
B9: The ‘Employer’ | C9: is | E9: 0
B11: The ‘Architect’ | C11: is | E11: 0
B13: The ‘Quantity Surveyor’ | C13: is | E13: 0
B15: The ‘Structural/Civil Engineer’ | C15: is | E15: 0
B17: The ‘Services Engineer’ | C17: is | E17: 0
E21: 0
A23: A | B23: Location of site:
B25: The site is located in Warsheikh, Hirshabale state of Somalia. | E25: 0
A27: B | B27: Site Visit:
B29: The Contractor shall be deemed to have visited the site and satisfied himself as to:- a) The nature and position of the site b) The amount of the rubbish or debris to be cleared away before commencement c) The nature, current usage, proximity and size of adjoining property and building d) The availability of land for the erection and positioning of all temporary structures, plant and materials necessary for the execution of the works. The contractor shall obtain approval from the relevant Local Authority in all matters relating to site access and erection of temporary structures and must ensure adherence to the requirements of these authorities. No claim will be allowed for travelling or other expenses which may be incurred by the Contractor in visiting the site or preparing the tender for the works.
A31: C | B31: Scope of work:
B33: The scope comprises of construction of 1No. Offfice block, comprising of ground to third floor complete with all associated services installations and external works as shown in the Contract Drawings and all described in the Bill of Quantities | E33: 0
B35: The construction comprises reinforced concrete foundations & bases, floor slabs, hollow pot slabs, beams, columns, suspended slabs, masonry walling, joinery fittings etc. Windows are glazed aluminium casement windows while doors are generally timber doors Finishes are generally plaster and paint to walls, tiles to walls, screed, Ceramic flooring; plaster and paint to ceiling finishes Services comprise electrical and mechanical installations, etc., all to be executed by approved Domestic Sub-Contractors | E35: 0
A37: D | B37: Labour camps
B39: No labour camps will be allowed on site. The Contractor may however liaise with adjacent property owners and locate his camp within good distance from the site.
A41: E | B41: Standard Method of Measurements
B43: All measured works in this contract have been measured in accordance with The Standard Method of Measurements of Building and Associated Civil Works for Eastern Africa Second edition Published by The Architectural Association of Kenya, Quantity Surveyors Chapter: June 2008 and The Civil Engineering Standard Method of Measurement, 3rd Edition as published by the Institution of Civil Engineers 1991
B45: Total Carried Forward | E45: =SUM(E24:E44) -> 0
B48: Total Brought Forward | E48: =E45 -> 0
A50: F | B50: Temporary Structures and Hoarding
B52: a) The contractor shall allow for providing and clearing away on completion of the works such temporary hoarding , rubbish chutes, gates, planked walkways, guard rails etc. as may be necessary for the protection of the workers, the general public, and for the proper execution of the works. b) As such, temporary structures shall be constructed with the approval of the Designer and to his full satisfaction and in such a manner as to cause minimum inconvenience and disturbance to occupants of adjacent buildings and users of the adjacent roads. c) All such temporary structures shall comply in all aspects with the national laws, rules, and regulations currently in force and applicable to such structures. d) All temporary structures shall be erected in a manner so that the unloading of materials causes minimum obstruction to the use of adjacent roads and other facilities e) All temporary structures shall be kept properly lighted throughout the periods of darkness and any corners or projections shall be painted white. f) Temporary structures shall not be used or permitted to be used for advertisement purposes except with the consent of the Architect. g) All temporary structures shall be maintained at all times in good order and good condition to the satisfaction of the Architect. h) All temporary structures shall be removed when so required by the Architect or at the end of the period for which it is required. i) The Contractor shall indemnify and shall keep the employer indemnified against any expenses, loss, claim or suits arising out of or in connection with the temporary structures. j) The Contractor shall pay all local authority or other charges payable in connection with temporary structures. k) The Contractor shall enclose the site or part of the works under construction with a hoarding 2400 mm high consisting of iron sheets on 100 x 50 mm timber posts firmly secured at 1800mm centres with two 75 x 50 mm timber rails approximately seven hundred and fifty metres. The Contractor is in addition required to take all precautions necessary for the safe custody of the works, materials, plant, public and Employer's property on the site.
A54: G | B54: Form of Contract
B56: The Contractor will be required to enter into a contract with the Employer under the terms of the conditions of contract as contained in the bidding documents. The Contractor shall allow any sums which he considers necessary for the observance of such conditions, together with sub clauses used in application. | E56: 0
B59: Total Carried Forward | E59: =SUM(E48:E58) -> 0
B62: Total Brought Forward | E62: =E59 -> 0
A64: H | B64: Insurances
B66: NOTES In addition to the conditions of the contract and the requirement contained herein the contractor's all risk policy shall cover the full value of the following and allow for all costs thereof:- i) The works and temporary works erected in performance of this contract. ii) The materials on site, plant and tools iii) The cost and expense of removing debris of the property insured, destroyed or damaged by any peril insured. iv) Professional fees (to be allowed at 15% of the contract sum) v) Employer's liability (workman's compensation) vi) Third party (Public liability for an indemnity of not less thanUSD. 40,000 for any accident or series of accidents arising from the same event (unlimited in aggregate) Should the contractor already hold annual insurances covering the whole of his activities, and the indemnity required under the existing policy/ies then further insurances shall be effected and maintained to cover such excess, the policies of insurances being suitably endorsed to cover this project The contractor shall ensure that all sub-contractors effect and maintain such insurances as are necessary to cover their liabilities in respect of injury to persons and property and workman's compensation.
A68: i) | B68: Liability against injury to persons and property
A70: ii) | B70: Insurance against injury to persons and property
A72: iii) | B72: Insurance of the works (contractors liability)
A74: iv) | B74: Performance bond for the works
B79: Total Carried to Section Summary | D79: USD | E79: =SUM(E62:E78) -> 0

Sheet PREAMBLE
A1: 1 PREAMBLE
A3: The Bill of Quantities shall be read in conjunction with the Instructions to Bidders, General Conditions of Contract and Contract Data, Technical Specifications and Drawings.
A5: The quantities given in the Bill of Quantities are estimated and are given to provide a common basis for bidding. The basis of payment will be the actual quantities of work ordered and carried out, as measured by the Contractor and verified by the Supervising Engineer and valued at the rate and prices tendered in the priced Bill of Quantities, where applicable, or otherwise at such rates and prices as the Supervising Engineer may fix within the terms of the Contract.
A7: The rates and prices tendered in the priced Bill of Quantities shall, except insofar as it is otherwise provided under the Contract, include all Constructional Plant, labour, supervision, materials, erection, maintenance, insurance, profit, taxes and duties together with all general risks, liabilities and obligations set out or implied in the contract.
A9: A rate or price shall be entered against each item in the priced Bill of Quantities, where quantities are stated. The cost of items with quantities against which the Contractor has failed to enter a rate or price shall be deemed to be covered by other rates and prices entered in the Bill of Quantities.
A11: The whole cost of complying with the provisions of the Contract shall be included in the items provided in the priced Bill of Quantities, and where no items are provided the cost shall be deemed to be distributed among the rates and prices entered for the related items of Work.
A13: General directions and description of work and materials are not necessarily repeated nor summarized in the Bill of Quantities. References to the relevant sections of the contract documentation shall be made before entering prices against each item in the priced Bill of Quantities
A15: Provisional Sums included and so designated in the Bill of Quantities shall be expended in whole or in part at the direction and discretion of the Supervising Engineer.
A17: The Method of Measurement of completed work for payment shall be in accordance with the “ Standard Method of Measurement” 7th Edition (SMM 7) by the Royal Institute of Chartered Surveyors, 12 George Street, London, and as stated in the General notes on the method of measurement.
A19: All items of work indicated in the Bills of Quantities shall be valued by measuring net, in the units of the Bills of Quantities such actual quantities of the permanent Works as have been executed strictly in accordance with the Bidding Documents or further instructions issued in writing by the Project Manager. No works shall be valued which have been executed in excess of the dimensions shown on the drawing or ordered by the Project Manager. In particular, no allowance shall be made in the measurement of any excavation for working space, temporary works or the operation of construction plant.
A21: The Contractor shall be responsible for carrying out all necessary testing of materials for the works and testing of any aspect of the works as required by the specification and or as ordered by the Supervising Engineer whether or not such requirements are itemized in the Bill of Quantities.
A23: The Contractor shall be deemed to have included in his rates, the cost of remedying any defects during the Defect Notification Period.
... A74: c. Cutting away for and making good (in existing structures) after the electrician.

Sheet MOBILISATION & DEMOBILISATION
A1: WARSHEIK FISHERIES LANDING BILL OF QUANTITIES ITEM A – MOBILISATION & DEMOBILISATION
A4: Item | B4: D E S C R I P T I O N | C4: Unit | D4: Quantity | E4: Rate US$ | F4: AMOUNT
F5: IN US$
A6: A1 | B6: Mobilisation of contractor on site, including setting up of site office, works safety perimeter hoarding, plant, equipment and all personal safety equipment. | C6: Sum | D6: -- | F6: =E6 -> 0
A12: A2 | B12: Excavation and/or levelling ground to required level and loading excess rubble on to trucks and disposal in line with current Municipal regulations. | C12: Sum | D12: -- | F12: =E12 -> 0
A18: A3 | B18: Drill and line 300mm diameter seawater borewell in an area to be determined by the supervising engineer, to a depth to be determined by water sampling, in soil of any consistency, including a 150mm diameter stainless steel casing to AISI 316, packing with washed gravel and concrete seal. | C18: m | D18: 30 | F18: =E18*D18 -> 0
A24: A4 | B24: Retrieval of seawater samples in appropriate 1000cc sterile containers, transport to laboratory and testing for contamination. | C24: Each | D24: 6 | F24: =E24*D24 -> 0
A30: A5 | B30: Collection of concrete samples in single-use disposable polystyrene moulds, transport to laboratory and testing for strength at 28 days, including official certificates. | C30: Each | D30: -- | F30: =E30 -> 0
A36: A6 | B36: Demobilisation of contractor, including cleaning of back of works area to the satisfaction of the supervising engineer. | C36: Sum | D36: -- | F36: =E36 -> 0
A42: A7 | B42: Environmental and Social Management Plan | C42: Sum | D42: -- | F42: =E42 -> 0
E54: Total | F54: =F42+F36+F30+F24+F18+F12+F6 -> 0

Sheet LANDING PLATFORM
A1: WARSHEIK FISHERIES LANDING BILL OF QUANTITIES ITEM B – CIVIL WORKS – LANDING PLATFORM
A4: Item | B4: D E S C R I P T I O N | C4: Unit | D4: Quantity | E4: Rate US$ | F4: AMOUNT
F5: IN US$
A6: B1 | B6: Excavation in existing ground of whatever consistency for the platform and disposal of the material. | C6: m3 | D6: 140 | F6: =E6*D6 -> 0
A12: B2 | B12: Grade 35 concrete in foundation blocks (1400x1400x450) and perimeter beam (450x700), including compaction of subgrade, blinding, shutters, conveying, depositing, vibrating and curing. | C12: m3 | D12: 30.43 | F12: =E12*D12 -> 0
A18: B3 | B18: HYS in Item B2, including cutting, bending and fixing. | C18: Kg | D18: 3176 | F18: =E18*D18 -> 0
A24: B4 | B24: Backfilling around the foundation beam and blocks with selected granular fill and compacting to the level indicated on the drawing. | C24: m3 | D24: 77.6 | F24: =E24*D24 -> 0
A30: B5 | B30: Grade 35 concrete in floor slab including blinding, conveying, depositing, vibrating, floating and curing, to the levels and falls specified as indicated in the drawing. | C30: m3 | D30: 48.64 | F30: =E30*D30 -> 0
A36: B6 | B36: HYS in Item B5, including cutting, bending and fixing. | C36: Kg | D36: 1920 | F36: =E36*D36 -> 0
A42: B7 | B42: Grade 35 concrete in vertical columns (450x450x3500) including vertical shutters, conveying, depositing, vibrating, curing, to the levels specified in the drawing. | C42: m3 | D42: 10.63 | F42: =E42*D42 -> 0
A48: B8 | B48: HYS in Item B7, including cutting, bending and fixing. | C48: Kg | D48: 3870 | F48: =E48*D48 -> 0
A54: B9 | B54: Grade 35 concrete in roof slab, including shutters, conveying, depositing, vibrating, floating and curing, to the levels specified in the drawing. | C54: m3 | D54: 59.32 | F54: =E54*D54 -> 0
A60: B10 | B60: HYS in Item B9, including cutting, bending and fixing. | C60: Kg | D60: 6506 | F60: =E60*D60 -> 0
A66: B11 | B66: Supply and heat-weld waterproofing insulation bitumen membrane, 10mm thick, | C66: m2 | D66: 296.6 | F66: =E66*D66 -> 0
A72: B12 | B72: Supply and lay 5mm thick seamless epoxy resin flooring compound as per manufacturer’s instructions over the floor slab as indicated on the drawing, including 150mm rise at column bases. | C72: m2 | D72: 253.2 | F72: =E72*D72 -> 0
... A132: B22 | B132: Supply and compact clean sand over the geotextile filter along the perimeter beam of the platform. | C132: m2 | D132: 216 | F132: =E132*D132 -> 0
E150: Total | F150: =F132+F126+F120+F114+F108+F102+F96+F90+F84+F78+F72+F66+F60+F54+F48+F42+F36+F30+F24+F18+F12+F6 -> 0

Sheet OFFICE BLOCK
A1: WARSHEIK FISHERIES LANDING BILL OF QUANTITIES ITEM C – CIVIL WORKS – OFFICE BLOCK
A4: Item | B4: D E S C R I P T I O N | C4: Unit | D4: Quantity | E4: Rate US$ | F4: AMOUNT
F5: IN US$
A6: C1 | B6: Excavation of foundation trenches in existing ground of whatever consistency for the foundation slabs and beams and disposal of the material. | C6: m3 | D6: 27.2 | F6: =E6*D6 -> 0
A12: C2 | B12: Grade 35 concrete in perimeter beams, including compaction of subgrade, blinding, shutters, conveying, depositing, vibrating and curing. | C12: m3 | D12: 5.44 | F12: =E12*D12 -> 0
A18: C3 | B18: HYS in Item B2, including cutting, bending and fixing. | C18: Kg | D18: 350 | F18: =E18*D18 -> 0
A24: C4 | B24: Backfilling around the foundation beam with selected granular fill and compacting to the level indicated on the drawing. | C24: m3 | D24: 6 | F24: =E24*D24 -> 0
A30: C5 | B30: Blinding layer in internal areas with selected fine material to the levels and falls specified as indicated in the drawing. | C30: m2 | D30: 20 | F30: =E30*D30 -> 0
A36: C6 | B36: Supply and lay 1mm thick pvc damp proof membrane in all internal areas, including under the brick walls. | C36: m2 | D36: 28 | F36: =E36*D36 -> 0
A42: C7 | B42: Supply and lay Grade 20 mortar screed, 100mm thick, including conveying, depositing, vibrating, curing, to the levels specified in the drawing. | C42: m2 | D42: 28 | F42: =E42*D42 -> 0
A48: C8 | B48: External and internal hollow block walls, 200mm thick. | C48: m2 | D48: 88.5 | F48: =E48*D48 -> 0
A54: C9 | B54: Grade 35 concrete in roof slab, including shutters, conveying, depositing, vibrating, floating and curing, to the levels specified in the drawing. | C54: m3 | D54: 8.5 | F54: =E54*D54 -> 0
A60: C10 | B60: HYS wire fabric type A393 (200x200x10mm) in Item B9, including overlap and fixing. | C60: Kg | D60: 782 | F60: =E60*D60 -> 0
A66: C11 | B66: Supply and heat-weld waterproofing insulation bitumen membrane,10mm thick. | C66: m2 | D66: 43 | F66: =E66*D66 -> 0
A72: C12 | B72: Supply and lay ceramic tiles, 200x100x10mm for office rooms, including mortar, joints and all material to complete finishing of the floor surface. | C72: m2 | D72: 16.2 | F72: =E72*D72 -> 0
... A114: C19 | B114: Outdoor acrylic painting including primer, sanding and top coats. | C114: m2 | D114: 61.2 | F114: =E114*D114 -> 0
E150: Total | F150: =F6+F12+F18+F24+F30+F36+F152+F42+F48+F54+F60+F66+F72+F78+F84+F90+F96+F102+F108+F114 -> 0

Sheet HYGIENE BLOCK
A1: WARSHEIK FISHERIES LANDING BILL OF QUANTITIES ITEM C – CIVIL WORKS – HYGIENE BLOCK
A4: Item | B4: D E S C R I P T I O N | C4: Unit | D4: Quantity | E4: Rate US$ | F4: AMOUNT
F5: IN US$
A6: D1 | B6: Excavation of foundation trenches in existing ground of whatever consistency for the foundation slabs and beams and disposal of the material. | C6: m3 | D6: 40 | F6: =E6*D6 -> 0
A12: D2 | B12: Grade 35 concrete in perimeter beams, including compaction of subgrade, blinding, shutters, conveying, depositing, vibrating and curing. | C12: m3 | D12: 6.5 | F12: =E12*D12 -> 0
A18: D3 | B18: HYS in Item D2, including cutting, bending and fixing. | C18: Kg | D18: 500 | F18: =E18*D18 -> 0
A24: D4 | B24: Backfilling around the foundation beam with selected granular fill and compacting to the level indicated on the drawing. | C24: m3 | D24: 15 | F24: =E24*D24 -> 0
A30: D5 | B30: Blinding layer in internal areas with selected fine material to the levels and falls specified as indicated in the drawing. | C30: m2 | D30: 30.5 | F30: =E30*D30 -> 0
A36: D6 | B36: Supply and lay 1mm thick pvc damp proof membrane in all internal areas, including under the brick walls. | C36: m2 | D36: 50 | F36: =E36*D36 -> 0
A42: D7 | B42: Supply and lay Grade 20 mortar screed, 100mm thick, including conveying, depositing, vibrating, curing, to the levels specified in the drawing. | C42: m2 | D42: 30.5 | F42: =E42*D42 -> 0
A48: D8 | B48: External and internal hollow block walls, 200mm thick. | C48: m2 | D48: 98.5 | F48: =E48*D48 -> 0
A54: D9 | B54: Grade 35 concrete in roof slab, including shutters, conveying, depositing, vibrating, floating and curing, to the levels specified in the drawing. | C54: m3 | D54: 15 | F54: =E54*D54 -> 0
A60: D10 | B60: HYS wire fabric type A393 (200x200x10mm) in Item B9, including overlap and fixing. | C60: Kg | D60: 950 | F60: =E60*D60 -> 0
A66: D11 | B66: Supply and heat-weld waterproofing bitumen membrane, 5mm thick. | C66: m2 | D66: 48.5 | F66: =E66*D66 -> 0
A72: D12 | B72: Supply and lay ceramic tiles, 200x100x10mm for toilet rooms, including 1.5 m high wall finish, mortar, joints and all material to complete finishing of the floor and wall surfaces. | C72: m2 | D72: 75.5 | F72: =E72*D72 -> 0
... A138: D23 | B138: Arm-operated, food standard single faucets, including all external flexible connections, valves, etc. | C138: Each | D138: 4 | F138: =E138*D138 -> 0
A144: D24
E150: Total | F150: =F138+F132+F126+F120+F114+F108+F102+F96+F90+F84+F78+F72+F66+F60+F54+F48+F42+F36+F30+F24+F18+F12+F6 -> 0

Sheet POTABLE WATER SUPPLY
A1: WARSHEIK FISHERIES LANDING BILL OF QUANTITIES ITEM E – POTABLE WATER SUPPLY
A6: Item | B6: D E S C R I P T I O N | C6: Unit | D6: Quantity | E6: Rate US$ | F6: AMOUNT
F7: IN US$
A8: E1 | B8: Grade 35 concrete in reservoir slab, 2500x2500x200 thk, including conveyance, depositing, vibrating and curing, as illustrated in the drawing. | C8: m3 | D8: 1.25 | F8: =E8*D8 -> 0
A14: E2 | B14: HYS A393 mesh in Item E1 | C14: Kg | D14: 40 | F14: =E14*D14 -> 0
A20: E3 | B20: Supply and install roto-moulded plastic water reservoir, capacity 10,000 litres, complete with clear glass level indicator, inlet non-return valve and overflow connections, Kentank or similar approved. | C20: Each | D20: 1 | F20: =E20*D20 -> 0
A26: E4 | B26: Grade 35 concrete in header tank elevated tower, including all formwork, conveyance, depositing, vibrating and curing, as illustrated in the drawing. | C26: m3 | D26: 12 | F26: =E26*D26 -> 0
A32: E5 | B32: HYS in Item E4 | C32: Kg | D32: 1200 | F32: =E32*D32 -> 0
A38: E6 | B38: Supply and install roto-moulded plastic water header tank, capacity 3,000 litres, complete with inlet ball valve, drain and overflow connections, Kentank or similar approved. | C38: Each | D38: 1 | F38: =E38*D38 -> 0
A44: E7 | B44: Supply and install ½ HP stainless steel electric header pump, complete with cabling and limit switch. | C44: Each | D44: 1 | F44: =E44*D44 -> 0
A50: E8 | B50: Supply and install rigid 25mm HDPE pipe between main reservoir and header tank and toilet block, including heat welded elbows and galvanised suspension fittings. | C50: m | D50: 55 | F50: =E50*D50 -> 0
A56: E9 | B56: Supply and install 10mm diam stainless steel flexible couplings in toilet block. | C56: Each | D56: 4 | F56: =E56*D56 -> 0
A62: E10 | B62: Supply and install 10mm inlet ball valve in reservoir 300mm above base. | C62: Each | D62: 4 | F62: =E62*D62 -> 0
E104: Total | F104: =F8+F14+F20+F26+F32+F38+F44+F50+F56+F62 -> 0

Sheet SANITARY SEAWATER SUPPLY
A1: WARSHEIK FISHERIES LANDING BILL OF QUANTITIES ITEM F – SANITARY SEAWATER SUPPLY
A6: Item | B6: D E S C R I P T I O N | C6: Unit | D6: Quantity | E6: Rate US$ | F6: AMOUNT
F7: IN US$
A8: F1 | B8: Grade 35 concrete in reservoir slab, including conveyance, depositing, vibrating and curing, as illustrated in the drawing. | C8: m3 | D8: 1.25 | F8: =E8*D8 -> 0
A14: F2 | B14: Grade 35 concrete in submersible pump housing, including formwork, conveyance, depositing, vibrating and curing, as illustrated in the drawing. | C14: m3 | D14: 2 | F14: =E14*D14 -> 0
A20: F3 | B20: Grade 35 concrete in header tank elevated platform, including vertical formwork, conveyance, depositing, vibrating and curing, as illustrated in the drawing. | C20: m3 | D20: 12 | F20: =E20*D20 -> 0
A26: F4 | B26: HYS A393 mesh in Items F1, F2 and F5. | C26: Kg | D26: 1300 | F26: =E26*D26 -> 0
A32: F5 | B32: Supply and install roto-moulded plastic water reservoir, capacity 10,000 litres, complete with clear glass level indicator, inlet non-return valve and overflow connections, Kentank or similar approved. | C32: Each | D32: 1 | F32: =E32*D32 -> 0
A38: F6 | B38: Supply and install roto-moulded plastic water header tank, capacity 3,000 litres, installed on platform roof, complete with inlet ball valve, drain and overflow connections, Kentank or similar approved. | C38: Each | D38: 1 | F38: =E38*D38 -> 0
A44: F7 | B44: Supply and install ½ HP seawater stainless steel electric sea water header pump, complete with cabling and limit switch. | C44: Each | D44: 1 | F44: =E44*D44 -> 0
A50: F8 | B50: Supply and install 3” diameter stainless steel (AISI 316) submersible electric sea water pump, with a max flow of 9 m3/hour and 1.5 kW electric motor. | C50: Each | D50: 1 | F50: =E50*D50 -> 0
A56: F9 | B56: Supply and install rigid 25mm HDPE pipe between main reservoir and header tank, including trenching, sand bedding, heat welded elbows and galvanised suspension fittings. | C56: m | D56: 40 | F56: =E56*D56 -> 0
A62: F10 | B62: Supply and lay 100mm diameter corrugated cable duct in HDPE from borewell head to pump control room, including trenching and bedding sand.. | C62: m | D62: 60 | F62: =E62*D62 -> 0
A68: F11 | B68: Supply and lay 100mm diameter flanged rigid HDPE pipe from submersible pump to seawater reservoir, including flanges, bolts, elbows, trenching and bedding sand. | C68: m | D68: 25 | F68: =E68*D68 -> 0
A74: F12 | B74: Supply and install pump fittings (100mm diameter rigid flanged HDPE pipe sections, 90o elbow, non-return valve, pressure sensor, 100mm HDPE butterfly valve, and flow meter), including all electrical cabling between pump head and control room, remote displays and wall mounted control panel. | C74: Sum | D74: 2 | F74: =E74*D74 -> 0
... A99: F16 | B99: Supply and install against columns, 600mm above ground, 10mm diam ball valve water taps for floor rinse and fish box washing, including 10 metres of plastic water hose for each tap with tap coupling anchored to column. | C99: Each | D99: 3 | F99: =E99*D99 -> 0
E105: Total | F105: =F99+F93+F87+F81+F74+F68+F62+F56+F50+F44+F38+F32+F26+F20+F14+F8 -> 0

Sheet BOUNDARY WALL
A1: WARSHEIK FISHERIES LANDING BILL OF QUANTITIES ITEM G– BOUNDARY WALL
A6: Item | B6: D E S C R I P T I O N | C6: Unit | D6: Quantity | E6: Rate US$ | F6: AMOUNT
F7: IN US$
A8: G1 | B8: Perimeter beam in Grade 25 mass concrete, 300x300 thk under perimeter wall, including excavation, compaction, blinding, conveying, depositing, vibrating and curing. | C8: m3 | D8: 11.34 | F8: =E8*D8 -> 0
A14: G2 | B14: Grade 35 concrete in pillars 300x300x3000 high including base slab, 750x750x300 thk at 5000 centres and corners, including vertical formwork, conveying, depositing, vibrating and curing. | C14: m3 | D14: 10 | F14: =E14*D14 -> 0
A20: G3 | B20: Grade 35 concrete in pillars to gated entries, including vertical formwork, conveying, depositing, vibrating and curing. | C20: m3 | D20: 4.4 | F20: =E20*D20 -> 0
A26: G4 | B26: HYS in Item G2 and G3. | C26: Kg | D26: 550 | F26: =E26*D26 -> 0
A32: G5 | B32: Main wrought iron gate, 4.50 m wide as illustrated in drawing. Painting – one coat epoxy polyamide primer, one coat epoxy vinyl and final top coat of vinyl paint. Final finish Blue | C32: Each | D32: 1 | F32: =E32*D32 -> 0
A38: G6 | B38: Secondary wrought iron gates, 4.0 m wide as illustrated . Painting – one coat epoxy polyamide primer, one coat epoxy vinyl and final top coat of vinyl paint. Final finish Blue | C38: Each | D38: 2 | F38: =E38*D38 -> 0
A44: G7 | B44: Pedestrian wrought iron gates, 1.0 m wide as illustrated. Painting – one coat epoxy polyamide primer, one coat epoxy vinyl and final top coat of vinyl paint. Final finish Blue | C44: Each | D44: 2 | F44: =E44*D44 -> 0
A50: G8 | B50: Wrought iron gates, 2.0 m wide as illustrated. Painting – one coat epoxy polyamide primer, one coat epoxy vinyl and final top coat of vinyl paint. Final finish Blue | C50: Each | D50: 1 | F50: =E50*D50 -> 0
A56: G9 | B56: Grade 35 concrete platform 6500x2600x200 thk for insulated ice store and ice machine, including formwork, conveyance, depositing, vibrating and curing, as illustrated in the drawing. | C56: m3 | D56: 3.4 | F56: =E56*D56 -> 0
A62: G10 | B62: External perimeter hollow block wall complete between R.C. pillars and gates, including 200mm thick hollow blocks, single layer plaster and outdoor acrylic painting on both sides including primer, sanding, top coats and mass concrete base & crown. | C62: m | D62: 110 | F62: =E62*D62 -> 0
E110: Total | F110: =F14+F20+F26+F32+F38+F44+F50+F56+F62 -> 0

Sheet LIQUID WASTE TREATMENT
A1: WARSHEIK FISHERIES LANDING BILL OF QUANTITIES ITEM I LIQUID WASTE TREATMENT
A6: Item | B6: D E S C R I P T I O N | C6: Unit | D6: Quantity | E6: Rate US$ | F6: AMOUNT
F7: IN US$
A8: I1 | B8: Excavation of in existing ground of whatever consistency for the foundation slab of the septic tank and disposal of the material. | C8: m3 | D8: 12 | F8: =E8*D8 -> 0
A14: I2 | B14: Grade 35 concrete in septic tank, including compaction of subgrade, blinding, vertical and horizontal shutters, conveying, depositing, vibrating and curing. | C14: m3 | D14: 5 | F14: =E14*D14 -> 0
A20: I3 | B20: HYS A393 mesh in Item I2, including cutting, bending and fixing. | C20: Kg | D20: 400 | F20: =E20*D20 -> 0
A26: I4 | B26: Backfilling around the septic tank with selected granular fill and compacting to the level indicated on the drawing. | C26: m3 | D26: 5 | F26: =E26*D26 -> 0
A32: I5 | B32: Supply and install 750x750 clear opening manhole covers in UV-stabilised polyethylene. | C32: Each | D32: 3 | F32: =E32*D32 -> 0
A38: I6 | B38: Install 150mm diameter uPVC connections to all three chambers. | C38: Each | D38: 3 | F38: =E38*D38 -> 0
A44: I7 | B44: Install 300x300 sewage interceptor catch pits between toilets and first chamber. | C44: Each | D44: 3 | F44: =E44*D44 -> 0
A50: I8 | B50: Rinse water soakaway complete, including borehole, perforated HDPE 300mm diameter casing, gravel packing, polyethylene cover, depth 2 metres. | C50: Sum | D50: -- | F50: =E50 -> 0
A56: I9 | B56: Supply and install heavy duty sanitary seamless stainless steel floor drain with removable perforated basket filter inside platform. | C56: Each | D56: 1 | F56: =E56*D56 -> 0
A62: I10 | B62: Supply and lay 100mm diameter uPVC drain from platform drain to soakaway. | C62: m | D62: 5 | F62: =E62*D62 -> 0
E104: Total | F104: =F8+F14+F20+F26+F32+F38+F44+F50+F56+F62 -> 0

Sheet ELECTRICAL FITTINGS
A1: WARSHEIK FISHERIES LANDING BILL OF QUANTITIES ITEM J ELECTRICAL FITTINGS
A6: Item | B6: D E S C R I P T I O N | C6: Unit | D6: Quantity | E6: Rate US$ | F6: AMOUNT
F7: IN US$
A8: J1 | B8: Supply and install on roof of platform a PV System of 7 KWp with 2 AC inverters of 3KW and 1 inverter/charger of 6 KVA | C8: Sum | D8: 1 | F8: =E8*D8 -> 0
A14: J2 | B14: Supply and install deep cycle storage batteries for illumination and air conditioner. | C14: Sum | D14: 1 | F14: =E14*D14 -> 0
A20: J3 | B20: Supply, install indoor steel distribution cabinet including distribution board and general circuit breakers inside electrical control room. | C20: Sum | D20: 1 | F20: =E20*D20 -> 0
A26: J4 | B26: Supply and install an Equipment Grounding Conductor in copper, aluminium, or copper-clad aluminium to the required impedance. | C26: Sum | D26: 1 | F26: =E26*D26 -> 0
A32: IJ | B32: LED strip lights 1x40 w equivalent with polycarbonate diffuser, including wiring and protection circuit. | C32: Each | D32: 14 | F32: =E32*D32 -> 0
A38: J6 | B38: Install wall-mounted standard electric power sockets in offices (220 V, 13 A), wiring and protection breaker included. | C38: Each | D38: 4 | F38: =E38*D38 -> 0
A44: J7 | B44: Install ceiling fans in offices. | C44: Each | D44: 2 | F44: =E44*D44 -> 0
A50: J8 | B50: Supply and install pole-mounted solar-powered outdoor security lights, complete with GRP pole, solar panel, battery and light fitting. | C50: Each | D50: 10 | F50: =E50*D50 -> 0
A56: J9 | B56: Supply and install wall-mounted 12,000 BTU window air conditioners in the fish box room. | C56: Each | D56: 4 | F56: =E56*D56 -> 0
A62: J10 | B62: Testing and commissioning of electricity supply, including generator and PV panels. | C62: Sum | D62: - | F62: =E62 -> 0
D91: --
E104: Total | F104: =F8+F14+F20+F26+F32+F38+F44+F50+F56+F62 -> 0

Sheet SUMMARY
A1: SUMMARY
A6: ITEM | B6: ESTIMATED COST
A7: ITEM A – Mobilisation & demobilisation | B7: ='MOBILISATION & DEMOBILISATION'!F54 -> 0
A8: ITEM B – Civil works - Platform | B8: ='LANDING PLATFORM'!F150 -> 0
A9: ITEM C – Civil works – Office Block | B9: ='OFFICE BLOCK'!F150 -> 0
A10: ITEM D – Civil works – Hygiene Block | B10: ='HYGIENE BLOCK'!F150 -> 0
A11: ITEM E – Potable water supply | B11: ='POTABLE WATER SUPPLY'!F104 -> 0
A12: ITEM F – Sanitary seawater supply | B12: ='SANITARY SEAWATER SUPPLY'!F105 -> 0
A13: ITEM G – Boundary wall, parking, paving | B13: ='BOUNDARY WALL'!F110 -> 0
A15: ITEM I – Liquid waste treatment | B15: ='LIQUID WASTE TREATMENT'!F104 -> 0
A16: ITEM J – Electrical fittings | B16: ='ELECTRICAL FITTINGS'!F104 -> 0
A17: Sub Total | B17: =B16+B15+B14+B13+B12+B11+B10+B9+B8+B7 -> 0
A19: Contingency 15% | B19: =0.15*B17 -> 0
A21: Total Estimated Cost | B21: =B19+B17 -> 0
